 Dungeon Crawl Stone Soup version 0.30-a0-702-gdf48620a09 (webtiles) character file.

Game seed: 6788216770779781339

6228 Dartaoz the Destroyer (level 10, -1/129 HPs)
             Began as a Grey Draconian Conjurer on Jan 21, 2023.
             Was a Follower of Sif Muna.
             Slain by Psyche
             ... wielding a +2 dagger of distortion
              (2 damage)
             ... on level 9 of the Dungeon.
             The game lasted 00:30:12 (12053 turns).

Dartaoz the Destroyer (Grey Draconian Conjurer)    Turns: 12053, Time: 00:30:12

Health: -1/129     AC: 25    Str:  9    XL:     10   Next: 61%
Magic:  19/19      EV:  2    Int: 23    God:    Sif Muna [*.....]
Gold:   457        SH:  0    Dex: 10    Spells: 18/21 levels left

rFire   . . .      SeeInvis .    u - +2 dagger (elec)
rCold   . . .      Faith    .    (no shield)
rNeg    + . .      Spirit   .    (body armour unavailable)
rPois   +          Reflect  .    (helmet currently unavailable)
rElec   .          Harm     .    (cloak currently unavailable)
rCorr   .          Rampage  .    (gloves currently unavailable)
Will    .....      NoTele   +    (boots currently unavailable)
Stlth   +++                      (no amulet)
HPRegen 0.41/turn                n - ring of wizardry
MPRegen 0.16/turn                a - ring of positive energy

@: agile, tree-form (expiring), slowed, very slow
A: stationary, stasis, torment immunity, boosted hp, AC +12, (amphibious),
unfitting armour, (cold-blooded)
a: Renounce Religion, Channel Magic


You were on level 9 of the Dungeon.
You worshipped Sif Muna.
Sif Muna was aware of your devotion.
You were a tree.
You visited 2 branches of the dungeon, and saw 10 of its levels.

You collected 457 gold pieces.

Inventory:

Hand Weapons
 e - a +0 vampiric dagger
 u - a +2 dagger of electrocution (weapon)
Missiles
 w - a throwing net
Armour
 D - a +1 pair of boots (melded)
 F - a +0 cloak (melded)
Jewellery
 a - a ring of positive energy (right branch)
 m - a ring of ice
 n - a ring of wizardry (left branch)
 A - a ring of willpower
Wands
 t - a wand of flame (8)
 v - a wand of mindburst (24)
 z - a wand of polymorph (6)
 C - a wand of roots (2)
Scrolls
 g - a scroll of summoning
 h - 2 scrolls of amnesia
 j - 4 scrolls of enchant armour
 k - 3 scrolls of enchant weapon
 o - 2 scrolls of brand weapon
 q - a scroll of noise {unknown}
 r - a scroll of fear {unknown}
 s - a scroll of poison
 x - a scroll of blinking {unknown}
 y - 3 scrolls of identify
 B - a scroll of fog
Potions
 b - a potion of brilliance {unknown}
 c - 5 potions of curing
 d - 5 potions of heal wounds
 f - 5 potions of haste
 i - 3 potions of degeneration
 l - a potion of ambrosia
 p - a potion of flight
 E - a potion of cancellation {unknown}


   Skills:
 + Level 7.5 Fighting
 + Level 6.5 Dodging
 - Level 5.0 Stealth
 + Level 6.4 Spellcasting
 + Level 10.1 Conjurations
 + Level 3.5 Invocations


You had 18 spell levels left.
You knew the following spells:

 Your Spells              Type           Power      Damage    Failure   Level
a - Magic Dart            Conj           100%       1d8       1%          1
b - Searing Ray           Conj           100%       2d8       1%          2

Your spell library contained the following spells:

 Spells                   Type           Power      Damage    Failure   Level
 Dazzling Flash           Conj/Hex       60%        N/A       1%          3
 Hailstorm                Conj/Ice       30%        3d8       1%          3
 Freeze                   Ice            28%        1d5       3%          1
 Fulminant Prism          Conj/Hex       15%        3d10      4%          4
 Iskenderun's Mystic Bla  Conj/Tloc      30%        2d8       4%          4
 Frozen Ramparts          Ice            14%        1d3       10%         3
 Gell's Gravitas          Tloc           7%         N/A       10%         3
 Inner Flame              Hex/Fire       7%         N/A       10%         3
 Teleport Other           Tloc           7%         N/A       10%         3
 Cause Fear               Hex            3%         N/A       32%         4
 Ice Form                 Ice/Tmut       7%         N/A       32%         4
 Summon Ice Beast         Ice/Summ       7%         N/A       32%         4
 Starburst                Conj/Fire      15%        6d6       50%         6
 Dispersal                Tloc           3%         N/A       99%         6
 Discord                  Hex            3%         N/A       100%        8


Dungeon Overview and Level Annotations

Branches:
Dungeon (9/15)             Temple (1/1) D:7
   Lair: D:8-11         Orc: D:9-12

Altars:
Ashenzari
Cheibriados
Dithmenos
Elyvilon
Fedhas
Gozag
Hepliaklqana
Kikubaaqudgha
Makhleb
Nemelex Xobeh
Okawaru
Ru
Sif Muna
Trog
Uskayaw
Vehumet
Wu Jian
Xom
Yredelemnul
Zin
The Shining One

Shops:
D:1 (

Annotations:
D:8 exclusion: statue
D:9 Erica, Psyche


Innate Abilities, Weirdness & Mutations

You are a tree.
Your roots penetrate the ground, keeping you stationary.
You cannot be teleported.
You are immune to unholy pain and torment.
Your maximum health is greatly increased.
Your equipment is partially melded.
((Your dull iron-grey scales are very hard. (AC +12)))
((You are amphibious.))
You cannot fit into any form of body armour.
((You are cold-blooded and may be slowed by cold attacks.))


Message History

Hit: u) +2 dagger (elec)
Press: ? - help, Dir - move target You hit something.
Lightning courses through something! Something hits you but does no damage.
Space warps horribly around you! Something hits you! Something burns you.
Something hits you. Space warps horribly around you!
Hit: u) +2 dagger (elec)
Press: ? - help, Dir - move target You hit something.
Your transformation is almost over.
Something hits you but does no damage. Space warps around you.
You hear some strange, mumbled words.
You feel as though you will be slow longer.
Something hits you but does no damage. Space warps horribly around you!
* * * LOW HITPOINT WARNING * * *
You hear some strange, mumbled words.
A lance of force appears from out of thin air!
The lance of force hits you.
* * * LOW HITPOINT WARNING * * *
Hit: u) +2 dagger (elec)
Press: ? - help, Dir - move target You hit something.
Lightning courses through something!! Something hits you.
* * * LOW HITPOINT WARNING * * *
Space warps horribly around you!!
* * * LOW HITPOINT WARNING * * *
Something hits you.
* * * LOW HITPOINT WARNING * * *
Something burns you.
* * * LOW HITPOINT WARNING * * *
You hear some strange, mumbled words.
A swirling arc of seething chaos appears!
An arc of chaos appears from out of thin air!
The arc of chaos hits you.
* * * LOW HITPOINT WARNING * * *
The arc of chaos hits something.
Hit: u) +2 dagger (elec)
Press: ? - help, Dir - move target You barely miss something.
Something hits you but does no damage. Space warps around you.
You die...

.#.# . .#.#.#
.#.#.# .....#.
....... .......
#.######...>...
#....♣{........
#####{##.!.....
#.# .#+##.. #..
.# ######


There were no monsters in sight!

Vanquished Creatures
  Joseph (D:7)
  An unseen horror (D:8)
  Maggie (D:7)
  6 yaks
  Grum (D:8)
  A steam dragon (D:8)
  3 water moccasins
  Duvessa (D:7)
  2 orc warriors
  A sky beast (D:6)
  4 black bears
  An ogre (D:2)
  2 ice beasts
  3 wolves (D:8)
  2 centaurs
  2 phantoms
  2 kobold brigands
  3 bullfrogs
  A necrophage (D:6)
  3 scorpions
  8 wights
  Dowan (D:7)
  4 killer bees (D:7)
  2 howler monkeys
  8 hounds
  2 jellies (D:5)
  5 orc priests
  Crazy Yiuf (D:7)
  3 iguanas
  11 orc wizards
  Robin (D:1)
  3 gnolls (D:4)
  4 adders
  A shadow imp (D:7)
  3 white imps
  3 ufetubi
  2 worms
  3 dart slugs
  38 orcs
  12 ball pythons
  4 bats (D:1)
  2 endoplasms
  3 giant cockroaches
  14 goblins
  7 hobgoblins
  3 quokkas
  2 frilled lizards
  18 kobolds
  24 rats
233 creatures vanquished.

Vanquished Creatures (others)
  4 withered plants (D:2)
4 creatures vanquished.

Grand Total: 237 creatures vanquished

Notes
Turn   | Place    | Note
-------+----------+-------------------------------------------
     0 | D:1      | Dartaoz the Draconian Conjurer began the quest for the Orb.
     0 | D:1      | Reached XP level 1. HP: 14/14 MP: 3/3
   453 | D:1      | Reached XP level 2. HP: 20/20 MP: 1/5
   501 | D:1      | Learned a level 2 spell: Searing Ray
  1193 | D:1      | Found Bomoroc's Weapon Boutique.
  1224 | D:2      | Noticed Robin
  1287 | D:1      | Reached skill level 5 in Conjurations
  1289 | D:1      | Reached XP level 3. HP: 16/26 MP: 1/6
  1289 | D:1      | Killed Robin
  1482 | D:2      | Noticed an ogre
  1635 | D:2      | Found a faded altar of an unknown god.
  2075 | D:2      | Reached XP level 4. HP: 33/33 MP: 1/7
  2335 | D:2      | Killed an ogre
  2336 | D:2      | Reached skill level 6 in Conjurations
  2336 | D:2      | Reached XP level 5. HP: 27/38 MP: 0/8
  2609 | D:2      | Found an ancient bone altar of Kikubaaqudgha.
  2864 | D:3      | Found a glowing silver altar of Zin.
  2903 | D:3      | Found an opulent altar of Gozag.
  3221 | D:3      | Reached skill level 7 in Conjurations
  3425 | D:3      | Reached XP level 6. HP: 46/46 MP: 3/9
  3563 | D:3      | Found a glowing golden altar of the Shining One.
  3731 | D:4      | Reached skill level 1 in Fighting
  3849 | D:4      | Found an ornate altar of the Wu Jian Council.
  4016 | D:4      | Your scales start taking on a dull iron-grey colour.
  4016 | D:4      | Reached XP level 7. HP: 53/53 MP: 2/10
  4200 | D:4      | Found a white marble altar of Elyvilon.
  5274 | D:5      | Entered Level 5 of the Dungeon
  5713 | D:5      | Reached skill level 8 in Conjurations
  5713 | D:5      | Reached XP level 8. HP: 63/63 MP: 2/12
  6489 | D:5      | Found a hazy altar of Hepliaklqana.
  7248 | D:6      | HP: 3/67 [yak (11)]
  7265 | D:5      | Reached XP level 9. HP: 9/72 MP: 0/15
  7271 | D:5      | HP: 3/72 [yak (13)]
  7551 | D:5      | Reached skill level 5 in Stealth
  7676 | D:5      | Reached skill level 5 in Fighting
  7890 | D:6      | Reached skill level 9 in Conjurations
  7984 | D:6      | Reached skill level 5 in Dodging
  8161 | D:6      | Found a hide-covered altar of Uskayaw.
  8201 | D:6      | You fall into a shaft and drop 2 floors!
  8215 | D:7      | Reached skill level 5 in Spellcasting
  8545 | D:7      | Noticed Joseph
  8713 | D:7      | Found a staircase to the Ecumenical Temple.
  8720 | Temple   | Entered the Ecumenical Temple
  9331 | D:7      | Found a shimmering blue altar of Sif Muna.
  9342 | D:7      | Became a worshipper of Sif Muna the Loreminder
  9402 | D:7      | Noticed Duvessa
  9408 | D:7      | Killed Duvessa
  9409 | D:7      | Noticed Dowan
  9413 | D:7      | Killed Dowan
  9502 | D:7      | Noticed Maggie
  9512 | D:7      | Killed Maggie
  9513 | D:7      | Reached skill level 1 in Invocations
  9513 | D:7      | Reached XP level 10. HP: 65/84 MP: 6/18
  9681 | D:7      | Killed Joseph
  9902 | D:7      | Found a runed translucent door.
  9903 | D:7      | Noticed Crazy Yiuf
 10179 | D:7      | Found a shimmering altar of Xom.
 10179 | D:7      | Found a shimmering altar of Xom.
 10181 | D:7      | Found a shimmering altar of Xom.
 10182 | D:7      | Found a shimmering altar of Xom.
 10182 | D:7      | Found a shimmering altar of Xom.
 10466 | D:7      | Killed Crazy Yiuf
 10600 | D:8      | Noticed Grum
 10616 | D:8      | Killed Grum
 10833 | D:7      | Reached * piety under Sif Muna
 11066 | D:8      | Reached skill level 10 in Conjurations
 11654 | D:8      | Found a radiant altar of Vehumet.
 12038 | D:9      | Noticed Erica
 12040 | D:9      | Noticed Psyche
 12052 | D:9      | HP: 6/129 [something (5)]
 12052 | D:9      | HP: 1/129 [something/chain of chaos (3)]
 12053 | D:9      | Slain by Psyche

Illustrated notes

Levels and vault maps discovered:
D:1:      dpeg_arrival_leaves_temple_mockup, layout_basic, serial_shops,
          nicolae_shop_hallway_stairs
D:2:      layout_basic, basic_altar, ebering_ecumenical_altar_petrified,
          grunt_decor_clamped, minmay_rat_hole, uniq_robin
D:3:      layout_rooms, lemuel_crystal_altar, nicolae_tso_swordbearing_angel,
          nicolae_gozag_cash_rules_everything_around_me
D:4:      layout_basic, elyvilon_altar_1, nzn_wu_jian_contemplation
D:5:      layout_basic, worldfamousw_hep_ancestral_shrine, minmay_holes
D:6:      layout_cave_pools, mainiacjoe_overflow_alcove_4
D:7:      layout_basic, mainiacjoe_overflow_paths, xom_shifter_show,
          minmay_temple_entry_trees, minmay_misc_feat_enclosed, uniq_joseph,
          uniq_crazy_yiuf_cottage, uniq_maggie, uniq_duvessa
D:8:      layout_cave_pools, vehumet_statue, uniq_grum
D:9:      layout_basic, nicolae_qazlal_scattered_showers, uniq_psyche,
          uniq_erica, uniq_maurice
Temple:   nicolae_temple_ecumenical_triangle

Skill      XL: |  1  2  3  4  5  6  7  8  9 10 |
---------------+-------------------------------+-----
Conjurations   | 5 6 7 8 9 10 | 10.1
Dodging        | 2 3 4 5 6 |  6.5
Stealth        | 2 3 4 5 |  5.0
Fighting       | 1 3 4 6 7 |  7.5
Spellcasting   | 3 4 5 6 |  6.4
Invocations    | 1 3 |  3.5

Action                   |  1- 3 |  4- 6 |  7- 9 | 10-12 || total
-------------------------+-------+-------+-------+-------++-------
Melee: Dagger            |    41 |    21 |    59 |    25 ||   146
       Unarmed           |     2 |       |       |       ||     2
       Tailslap          |     3 |     5 |     6 |     3 ||    17
       Punch             |       |       |     1 |       ||     1
 Cast: Magic Dart        |    76 |    75 |   160 |    59 ||   370
       Searing Ray       |     3 |     8 |    58 |    35 ||   104
  Use: Potion            |       |     2 |     5 |       ||     7
       Scroll            |       |       |     1 |    12 ||    13
Armor: Skin              |    23 |     9 |    61 |    76 ||   169
Dodge: Dodged            |    59 |    17 |   115 |    69 ||   260

Table legend: (Time is in decaauts)
 A = Elapsed time spent in this place.
 B = Non-inter-level travel time spent in this place.
 C = Inter-level travel time spent in this place.
 D = Time resting spent in this place.
 E = Time spent auto-exploring this place.
 F = Levels seen in this place.
 G = Mean time per level.
                   A        B        C        D        E       F      G
               +--------+--------+--------+--------+--------+-----+--------+
         Total |  12044 |  11852 |    192 |    396 |   9820 |  10 | 1204.4 |
       Dungeon |  12004 |  11812 |    192 |    396 |   9797 |   9 | 1333.8 |
        Temple |     39 |     39 |      0 |      0 |     23 |   1 |   39.0 |
               +--------+--------+--------+--------+--------+-----+--------+

Top non-repeatable levels by time:
     D:5: 2285 daAuts
     D:7: 2110 daAuts
     D:4: 1591 daAuts
     D:1: 1456 daAuts
     D:2: 1355 daAuts
     D:8: 1172 daAuts
     D:6: 1141 daAuts
     D:3: 870 daAuts
  Temple: 39 daAuts
     D:9: 20 daAuts
